Map: Jagannatha LE

Players

Reynor - Winner!

  • Race: Zerg Zerg

Trap

  • Race: Protoss Protoss

Event: TSL 7

VOD

Have the link to the VOD?

Description

Time

  • Played on: June 27, 2021, 9:38 a.m.
  • Length: 18:24

All games in this series

Show
View Real Time Build Order
Export as new Build Order

Reynor Zerg - Winner!

Build Orders: Hatch First, Lurkers 

Get SALT Encoding   

  12  0:00  Drone  
  13  0:12  Overlord  
  13  0:17  Drone  
  14  0:30  Drone x2  
  16  0:46  Drone  
  17  0:52  Hatchery  
  17  0:55  Drone  
  17  0:59  Drone  
  18  1:09  Extractor  
  17  1:14  Spawning Pool  
  17  1:17  Drone  
  17  1:20  Drone  
  18  1:28  Drone  
  19  1:38  Drone  
  20  1:48  Overlord  
  20  2:00  Queen  
  22  2:04  Queen  
  22  2:05  Zergling x4  
  26  2:11  Drone  
  26  2:14  Metabolic Boost  
  27  2:16  Drone  
  27  2:21  Drone  
  29  2:27  Drone  
  30  2:39  Hatchery  
  30  2:41  Drone  
  30  2:43  Drone  
  31  2:47  Overlord  
  31  2:50  Drone  
  32  2:53  Drone  
  32  2:58  Drone  
  34  3:04  Overlord  
  34  3:08  Drone  
  35  3:13  Drone  
  35  3:15  Overlord  
  36  3:22  Queen  
  36  3:25  Zergling x6  
  41  3:30  Drone  
  41  3:31  Drone  
  41  3:32  Queen  
  45  3:41  Zergling x4  
  47  3:44  Drone x3  
  49  3:51  Overlord  
  49  3:55  Zergling x2  
  50  3:57  Queen  
  50  3:58  Drone  
  53  4:02  Roach Warren  
  53  4:04  Zergling x4  
  53  4:06  Overlord  
  54  4:10  Queen  
  54  4:14  Zergling x4  
  54  4:17  Zergling x6  
  60  4:22  Zergling x2, Spore Crawler  
  60  4:25  Zergling x4  
  60  4:27  Zergling x2  
  60  4:30  Overlord  
  63  4:35  Zergling x2  
  63  4:36  Zergling x2  
  62  4:42  Overlord  
  62  4:45  Roach x3  
  68  4:50  Roach x2  
  72  4:54  Roach x2  
  72  4:57  Drone  
  69  5:01  Spore Crawler  
  69  5:04  Drone, Spore Crawler  
  68  5:08  Extractor  
  68  5:09  Roach  
  68  5:11  Drone x2  
  71  5:16  Overlord  
  71  5:19  Drone x3  
  73  5:22  Drone  
  73  5:23  Drone  
  73  5:27  Drone x2  
  75  5:33  Lair  
  75  5:34  Drone  
  76  5:36  Drone  
  76  5:39  Drone x2  
  76  5:41  Drone  
  80  5:44  Drone  
  80  5:45  Drone  
  80  5:46  Drone  
  80  5:48  Drone  
  84  5:51  Drone x2  
  84  5:53  Drone  
  84  5:54  Drone  
  88  5:58  Evolution Chamber  
  88  5:59  Drone x2  
  88  6:02  Overlord  
  89  6:04  Drone  
  89  6:09  Drone x4  
  93  6:15  Evolution Chamber, Overlord  
  92  6:22  Drone x4  
  92  6:23  Overlord  
  92  6:25  Drone x2  
  99  6:26  Zerg Missile Weapons Level 1  
  99  6:31  Overlord  
  99  6:34  Roach x3  
  99  6:38  Drone x3  
  108  6:40  Drone, Extractor  
  108  6:41  Extractor  
  108  6:42  Extractor  
  108  6:43  Overseer, Roach  
  108  6:44  Extractor  
  108  6:45  Overlord  
  108  6:46  Roach  
  108  6:51  Infestation Pit  
  108  6:52  Drone  
  108  6:59  Roach x2  
  108  7:00  Roach  
  113  7:01  Overlord  
  113  7:05  Roach x2  
  113  7:06  Hatchery  
  114  7:08  Drone x2  
  114  7:09  Drone x2  
  114  7:13  Drone  
  114  7:14  Drone x4  
  123  7:22  Overlord  
  123  7:31  Glial Reconstitution  
  123  7:32  Hive  
  123  7:33  Zergling x10, Roach x2  
  129  7:40  Overlord  
  129  7:45  Roach x3  
  129  7:47  Ravager  
  129  7:48  Ravager  
  129  7:49  Zergling x2  
  129  7:50  Zergling x2  
  139  7:51  Overlord  
  139  7:52  Roach  
  139  7:53  Roach x2  
  139  7:58  Overseer  
  147  8:05  Zergling x8  
  147  8:06  Zergling x4, Hydralisk Den  
  147  8:07  Ravager  
  147  8:09  Overlord  
  151  8:14  Drone x2  
  151  8:15  Drone x2  
  151  8:18  Overlord  
  153  8:20  Zergling x4  
  153  8:21  Roach  
  153  8:22  Zerg Missile Weapons Level 2  
  153  8:25  Ravager x2  
  159  8:29  Roach  
  159  8:30  Roach x2  
  159  8:32  Drone x4  
  159  8:33  Overlord  
  169  8:39  Drone  
  169  8:40  Extractor, Drone x2, Lurker Den  
  169  8:41  Drone  
  171  8:42  Queen  
  171  8:43  Extractor, Spore Crawler  
  171  8:45  Spine Crawler, Overlord  
  170  8:53  Roach x4  
  170  8:55  Ravager x2  
  178  8:58  Zergling x4, Roach x2  
  178  9:00  Overlord  
  180  9:05  Drone x3  
  180  9:07  Overlord  
  183  9:10  Pneumatized Carapace  
  183  9:13  Overlord  
  183  9:17  Overlord  
  183  9:27  Viper  
  183  9:28  Viper  
  186  9:31  Drone  
  186  9:38  Seismic Spines, Hydralisk x4  
  190  9:53  Hydralisk x3  
  190  9:54  Hydralisk x2  
  199  10:05  Overlord  
  199  10:08  Spore Crawler  
  199  10:11  Lurker x2  
  199  10:13  Overseer  
  191  10:21  Drone x2  
  191  10:27  Drone x2  
  191  10:30  Drone x2  
  191  10:32  Lurker x5  
  191  10:35  Drone x3  
  195  10:36  Drone  
  195  10:37  Adaptive Talons  
  195  10:42  Lurker  
  197  10:44  Hatchery  
  197  10:47  Hydralisk x2  
  200  10:58  Zerg Missile Weapons Level 3  
  200  11:00  Spore Crawler  
  200  11:01  Spine Crawler  
  200  11:03  Spine Crawler  
  194  11:32  Hydralisk x7  
  176  11:33  Hydralisk x4, Zergling x4  
  176  11:37  Overlord  
  200  11:43  Overlord  
  200  11:57  Overlord  
  194  12:04  Hydralisk x7  
  194  12:05  Hydralisk  
  151  12:15  Hydralisk x4  
  151  12:16  Hydralisk x2, Zergling x2  
  151  12:17  Hydralisk x3  
  151  12:18  Zergling x8  
  151  12:20  Hydralisk x3  
  151  12:21  Queen  
  170  12:23  Hydralisk  
  170  12:28  Hydralisk  
  168  12:30  Hydralisk x3  
  168  12:31  Zergling x2  
  168  12:33  Hydralisk, Zergling x2  
  168  12:36  Queen  
  173  12:41  Hydralisk x2  
  174  12:49  Drone x4  
  174  12:50  Extractor  
  174  12:51  Extractor, Muscular Augments  
  176  12:53  Hydralisk  
  176  12:54  Zergling x2  
  176  12:56  Drone  
  176  12:57  Queen  
  176  12:58  Extractor  
  181  12:59  Hydralisk x2  
  181  13:00  Zergling x2  
  185  13:06  Hydralisk  
  185  13:11  Hydralisk x2  
  185  13:12  Zergling x4  
  170  13:20  Hydralisk x2  
  156  13:28  Roach x2  
  156  13:29  Roach x3  
  166  13:36  Hydralisk x2  
  168  13:41  Spawning Pool  
  168  13:47  Hydralisk x3  
  158  13:51  Drone x7  
  159  13:58  Drone  
  159  13:59  Drone  
  154  14:08  Hydralisk x6  
  164  14:13  Hydralisk x2  
  164  14:17  Hydralisk x2  
  160  14:27  Hydralisk  
  160  14:28  Hydralisk x3  
  160  14:29  Queen, Zergling x2  
  160  14:31  Hydralisk  
  161  14:32  Zergling x8  
  161  14:35  Hydralisk x2  
  161  14:36  Zergling x2  
  160  14:41  Hydralisk x2  
  160  14:44  Hydralisk  
  159  14:45  Zergling x4  
  159  14:49  Hydralisk  
  159  14:52  Drone  
  162  14:56  Hydralisk x2  
  166  15:00  Hydralisk  
  166  15:05  Hydralisk x2  
  172  15:09  Hydralisk  
  172  15:10  Zergling x2  
  175  15:21  Hydralisk x4  
  170  15:29  Hydralisk x3  
  168  15:40  Hydralisk x3  
  168  15:43  Hydralisk  
  168  15:48  Lurker x2  
  168  15:49  Zergling x2  
  173  15:55  Hydralisk x2  
  173  15:56  Zergling x2  
  178  15:57  Lurker  
  178  16:04  Lair  
  179  16:10  Zergling x10  
  179  16:11  Zergling x4  
  186  16:14  Lurker x2  
  186  16:16  Drone x2  
  190  16:19  Drone, Spore Crawler  
  190  16:21  Drone x2  
  190  16:25  Hydralisk  
  194  16:27  Lurker x2  
  195  16:35  Lurker  
  195  16:38  Hydralisk  
  193  16:48  Hydralisk x2  
  193  16:50  Hydralisk  
  197  16:56  Hatchery  
  197  16:59  Hydralisk  
  197  17:14  Hydralisk x5  
  164  17:26  Hydralisk x4  
  168  17:36  Hydralisk x3  
  168  17:45  Hydralisk x2, Zergling x2  
  167  17:52  Hydralisk x2  
Show
View Real Time Build Order
Export as new Build Order

Trap Protoss 

Build Orders: 1 Gate Expand, Carriers, Zealot Archon 

Get SALT Encoding   

  12  0:00  Probe  
  13  0:14  Pylon  
  13  0:18  Probe (Chrono Boost)  
  14  0:28  Probe (Chrono Boost)  
  15  0:33  Probe (Chrono Boost)  
  16  0:42  Gateway  
  16  0:44  Probe  
  17  0:51  Assimilator  
  17  0:56  Probe  
  18  1:09  Probe  
  19  1:21  Probe  
  20  1:27  Nexus  
  20  1:37  Cybernetics Core  
  20  1:40  Probe  
  21  1:47  Assimilator  
  21  1:52  Probe  
  22  1:57  Pylon  
  22  2:04  Probe  
  23  2:13  Stalker (Chrono Boost)  
  23  2:14  Warp Gate  
  23  2:16  Probe (Chrono Boost)  
  26  2:28  Probe (Chrono Boost)  
  26  2:29  Twilight Council  
  27  2:32  Probe (Chrono Boost)  
  27  2:34  Adept (Chrono Boost)  
  30  2:40  Probe  
  31  2:44  Probe  
  32  2:52  Probe  
  32  2:55  Robotics Facility  
  33  2:58  Adept  
  33  3:03  Probe  
  33  3:05  Probe  
  37  3:10  Gateway  
  37  3:12  Resonating Glaives (Chrono Boost)  
  37  3:19  Probe x2  
  39  3:29  Gateway  
  39  3:31  Gateway  
  39  3:36  Probe x2  
  41  3:42  Warp Prism (Chrono Boost)  
  43  3:50  Pylon  
  43  3:53  Probe x2  
  45  3:59  Assimilator  
  45  4:02  Pylon  
  45  4:08  Adept x2  
  49  4:11  Probe x2  
  51  4:23  Probe x2  
  53  4:30  Adept x4  
  59  4:41  Probe x2, Dark Shrine  
  62  4:46  Observer  
  62  4:47  Pylon  
  62  4:49  Assimilator  
  62  4:50  Pylon  
  56  5:02  Adept x3  
  56  5:05  Pylon  
  56  5:06  Adept  
  64  5:07  Probe x2  
  66  5:17  Pylon  
  61  5:35  Stalker x4  
  69  5:37  Probe x2  
  70  5:47  Nexus  
  70  5:48  Pylon  
  70  6:08  Dark Templar x4  
  78  6:14  Probe x2  
  78  6:22  Immortal  
  82  6:26  Probe x2 (Chrono Boost)  
  84  6:33  Forge  
  84  6:39  Probe x2 (Chrono Boost)  
  86  6:41  Blink  
  86  6:43  Pylon  
  86  6:44  Probe x2 (Chrono Boost), Pylon  
  88  6:54  Shield Battery  
  88  6:55  Probe x2  
  88  6:58  Protoss Ground Weapons Level 1 (Chrono Boost)  
  88  6:59  Sentry x2  
  88  7:00  Sentry  
  96  7:05  Probe, Immortal (Chrono Boost)  
  96  7:07  Probe x2  
  103  7:17  Shield Battery  
  103  7:19  Shield Battery  
  103  7:24  Gateway  
  103  7:28  Gateway  
  103  7:29  Probe x3  
  106  7:34  Immortal (Chrono Boost)  
  110  7:41  Probe  
  111  7:47  Robotics Bay  
  111  7:49  Pylon x2, Assimilator  
  111  7:51  Pylon, Assimilator  
  111  7:57  Archon  
  111  8:09  Stalker  
  111  8:10  Stalker x3  
  119  8:19  Immortal (Chrono Boost)  
  123  8:27  Pylon  
  123  8:31  Pylon  
  123  8:33  Gateway  
  123  8:35  Gateway, Stargate  
  123  8:36  Photon Cannon, Pylon  
  123  8:38  Probe x3  
  126  8:43  Zealot  
  128  8:50  Disruptor (Chrono Boost)  
  131  9:02  Protoss Ground Weapons Level 2 (Chrono Boost)  
  129  9:09  Pylon  
  129  9:10  Pylon  
  129  9:14  Photon Cannon  
  129  9:16  Disruptor (Chrono Boost)  
  129  9:18  Zealot  
  129  9:19  Zealot x2  
  129  9:21  Stalker  
  129  9:22  Stalker  
  140  9:25  Nexus  
  140  9:27  Stalker  
  138  9:33  Pylon  
  138  9:39  Probe x3  
  141  9:49  Disruptor (Chrono Boost)  
  144  9:52  Fleet Beacon  
  144  9:53  Stargate  
  144  9:59  Stargate  
  144  10:01  Zealot  
  144  10:02  Photon Cannon  
  145  10:08  Probe x3  
  145  10:09  Oracle (Chrono Boost)  
  151  10:15  Zealot  
  147  10:37  Probe x4  
  147  10:39  Disruptor (Chrono Boost)  
  150  10:45  Photon Cannon  
  150  10:46  Photon Cannon  
  150  10:48  Photon Cannon, Charge  
  150  10:52  Carrier (Chrono Boost)  
  156  11:00  Carrier (Chrono Boost)  
  162  11:08  Carrier (Chrono Boost)  
  168  11:19  Disruptor  
  165  11:46  Carrier (Chrono Boost)  
  159  11:53  Carrier (Chrono Boost)  
  168  11:54  Zealot x3  
  168  11:55  Zealot x3  
  168  11:57  Carrier (Chrono Boost)  
  184  12:02  Observer  
  156  12:25  Disruptor (Chrono Boost)  
  155  12:35  Zealot x3  
  155  12:36  Zealot x3  
  159  12:38  Cybernetics Core  
  147  12:48  Gateway  
  147  12:50  Gateway  
  147  12:55  Carrier (Chrono Boost)  
  147  12:57  Carrier (Chrono Boost)  
  153  13:05  Zealot x6  
  163  13:09  Disruptor (Chrono Boost)  
  131  13:37  Stalker x6  
  120  14:02  Stalker x6  
  121  14:12  Carrier (Chrono Boost)  
  121  14:14  Carrier (Chrono Boost)  
  117  14:47  Dark Templar x2  
  117  14:48  Zealot x4  
  129  14:57  Robotics Facility  
  129  14:59  Assimilator x2  
  127  15:08  Oracle (Chrono Boost)  
  127  15:10  Nexus  
  116  15:26  Robotics Facility  
  95  15:41  Colossus (Chrono Boost)  
  91  15:48  Zealot x6  
  109  15:58  Pylon  
  109  16:04  Sentry x2  
  112  16:15  Extended Thermal Lance  
  112  16:21  Colossus (Chrono Boost)  
  112  16:22  Zealot x6  
  114  17:01  Nexus  
  118  17:08  Colossus (Chrono Boost)  
  118  17:09  Colossus (Chrono Boost)  
  108  17:27  Zealot x4  
Tags
 
Add a new tag
Caveats
  • Supply blocks, unpowered buildings, or Contaminate may cause inaccurate times.
  • Supply counts are checked every 10 seconds.